 Dungeon Sprint DCSS version 0.21-a0-272-g984ae92 (webtiles) character file.

11 potatolord6000 the Grave Robber (level 2, -1/24 HPs)
             Began as a Hill Orc Necromancer on Sept 15, 2017.
             Was a Follower of Beogh.
             Slain by a gnoll
             ... wielding a +0 spear
              (11 damage)
             ... in the Dungeon (Sprint VII: "The Pits").
             The game lasted 00:02:11 (423 turns).

potatolord6000 the Grave Robber (HONe)               Turns: 423, Time: 00:02:12

Health: -1/24      AC:  2    Str: 10    XL:     2   Next: 29%
Magic:  0/4        EV: 12    Int: 15    God:    Beogh [*.....]
Gold:   0          SH:  0    Dex: 11    Spells: 3/4 levels left

rFire    . . .     SeeInvis .   p - staff of energy
rCold    . . .     Gourm    .   (no shield)
rNeg     . . .     Faith    .   a - +0 robe
rPois    .         Spirit   .   (no helmet)
rElec    .         Reflect  .   (no cloak)
rCorr    .         Harm     .   (no gloves)
MR       .....     NoTele   +   (no boots)
Stlth    ++........             (no amulet)
HPRegen  0.08/turn              (no ring)
MPRegen  0.09/turn              (no ring)

@: no status effects
A: no striking features
a: Renounce Religion


You were in the Dungeon.
You worshipped Beogh.
Beogh was aware of your devotion.
You were not hungry.

You visited 1 branch

Inventory:

Armour
 a - a +0 robe (worn)
Magical Staves
 p - an uncursed staff of energy (weapon)
Scrolls
 i - a scroll of blinking
 k - 3 scrolls of remove curse
 l - 5 scrolls of amnesia
 m - a scroll of summoning
Potions
 d - a potion of curing
 g - 4 potions of magic
 h - 3 potions of berserk rage
 j - a potion of invisibility
Books
 b - a book of Necromancy

   Spells                             Type                      Level
   a - Pain                           Necromancy                   1
   b - Animate Skeleton               Necromancy                   1
   c - Vampiric Draining              Necromancy                   3
   d - Regeneration                   Charms/Necromancy            3
   e - Animate Dead                   Necromancy                   4
   f - Control Undead                 Necromancy                   4
Comestibles
 c - 8 bread rations
 n - 40 fruits
 o - 7 meat rations


   Skills:
 + Level 1.7 Fighting
 + Level 1.2 Staves
 - Level 0.7 Armour
 - Level 1.5 Dodging
 - Level 1.5 Stealth
 - Level 1.6 Spellcasting
 + Level 4.5 Necromancy
 + Level 2.1 Invocations
 + Level 1.5 Evocations


You had 3 spell levels left.
You knew the following spells:

 Your Spells              Type           Power        Failure   Level  Hunger
a - Pain                  Necr           ##..         3%          1    None


Dungeon Overview and Level Annotations

Branches:
Dungeon (1/1)

Altars:
Ashenzari
Cheibriados
Dithmenos
Elyvilon
Fedhas
Gozag
Hepliaklqana
Kikubaaqudgha
Makhleb
Nemelex Xobeh
Okawaru
Qazlal
Ru
Sif Muna
Trog
Uskayaw
Vehumet
Wu Jian
Xom
Yredelemnul
Zin
The Shining One
Beogh
Jiyva
Lugonu


Message History

Confirm with . or Enter, or press ? or * to list all spells.
Aiming: Pain
Press: ? - help, Shift-Dir - straight line, f/p - ooze
Aim: an ooze (chance to defeat MR: 72%)
The ooze writhes in agony!
Casting: Pain
Confirm with . or Enter, or press ? or * to list all spells.
Aiming: Pain
Press: ? - help, Shift-Dir - straight line, f/p - ooze
Aim: an ooze (heavily wounded, chance to defeat MR: 72%)
The ooze writhes in agony!
The ooze hits you but does no damage.
The gnoll hits you from afar with a spear!
Casting: Pain
Confirm with . or Enter, or press ? or * to list all spells.
Aiming: Pain
Press: ? - help, Shift-Dir - straight line, f - gnoll, p - ooze
Aim: a gnoll, wielding a spear (chance to defeat MR: 79%)
The ooze struggles to resist.
The ooze hits you but does no damage.
The gnoll hits you from afar with a spear!
You die...

##########.##........
#..........†'........
#+#####'#####......#.
#..#..# #........
#..'..# ####'####
#..#### #.......#
#.†# #.......# #..#
#.......# ##@#
#...<...#
#..JgZo..##.......#
#........##.......#
###########.......#
#########


You could see a gnoll, an ooze, an orc and an adder zombie.

Vanquished Creatures
  An ufetubus (D)
  A leopard gecko (D)
  2 bats (D)
  A hobgoblin (D)
  A frilled lizard (D)
6 creatures vanquished.

Notes
Turn   | Place    | Note
-------+----------+-------------------------------------------
     0 | D        | potatolord6000 the Hill Orc Necromancer began the quest for the Orb.
     0 | D        | Reached XP level 1. HP: 14/14 MP: 3/3
    49 | D        | Found a bloodstained altar of Trog.
    49 | D        | Found a deep blue altar of Sif Muna.
    49 | D        | Found a viscous altar of Jiyva.
    49 | D        | Found a hazy altar of Hepliaklqana.
    49 | D        | Found an opulent altar of Gozag.
    50 | D        | Found a glowing golden altar of the Shining One.
    50 | D        | Found a glowing silver altar of Zin.
    50 | D        | Found a basalt altar of Yredelemnul.
    50 | D        | Found a shimmering altar of Xom.
    50 | D        | Found an ornate altar of the Wu Jian Council.
    50 | D        | Found a sacrificial altar of Ru.
    50 | D        | Found a stormy altar of Qazlal.
    50 | D        | Found an iron altar of Okawaru.
    50 | D        | Found a sparkling altar of Nemelex Xobeh.
    50 | D        | Found a burning altar of Makhleb.
    50 | D        | Found a blossoming altar of Fedhas.
    50 | D        | Found a white marble altar of Elyvilon.
    50 | D        | Found a shadowy altar of Dithmenos.
    50 | D        | Found a snail-covered altar of Cheibriados.
    53 | D        | Found a corrupted altar of Lugonu.
    53 | D        | Found a radiant altar of Vehumet.
    53 | D        | Found a roughly hewn altar of Beogh.
    54 | D        | Found an ancient bone altar of Kikubaaqudgha.
    54 | D        | Found a hide-covered altar of Uskayaw.
    54 | D        | Found a shattered altar of Ashenzari.
    62 | D        | Became a worshipper of Beogh the Brigand
    91 | D        | Reached skill level 1 in Fighting
    91 | D        | Reached skill level 1 in Staves
    91 | D        | Reached skill level 1 in Invocations
    91 | D        | Reached skill level 1 in Evocations
   105 | D        | Reached XP level 2. HP: 13/23 MP: 4/4
   111 | D        | Reached * piety under Beogh
   423 | D        | Slain by a gnoll

Vault maps used:
D:        pitsprint

Skill      XL: |  1  2 |
---------------+-------+-----
Fighting       | 1 |  1.7
Staves         | 1 |  1.2
Invocations    | 1 2 |  2.1
Evocations     | 1 |  1.5
Armour         | |  0.7
Dodging        | |  1.5
Stealth        | |  1.5
Spellcasting   | |  1.6
Necromancy     | |  4.5

Action                   || total
-------------------------++-------
Melee: Staff             ||    36
       Unarmed           ||     6
 Cast: Pain              ||    10
  Use: Potion            ||     3
Armor: Robe              ||    10
Dodge: Dodged            ||    41

Table legend:
 A = Spawn XP
 B = Non-spawn XP
 C = Spawn XP percentage of total XP
 D = Spawn monster count
 E = Non-spawn monster count
 F = Spawn count percentage of total count
 G = Total turns spent on level
                    A         B        C        D         E        F      G
               +---------+---------+-------+---------+---------+-------+---------
         Total |       0 |      17 |   0.0 |       0 |       6 |   0.0 |   423
               +---------+---------+-------+---------+---------+-------+---------
             D |       0 |      17 |   0.0 |       0 |       6 |   0.0 |   423
               +---------+---------+-------+---------+---------+-------+---------
